 Dungeon Crawl Stone Soup version 0.24-a0-183-g8902462 (webtiles) character file.

Game seed: 10002138291797825683

216 Amnesiac the Scratcher (level 5, 0/24 HPs)
             Began as a Felid Fighter on Mar 15, 2019.
             Was a Follower of Okawaru.
             Succumbed to an adder's poison
             ... on level 4 of the Dungeon.
             The game lasted 00:04:21 (2657 turns).

Amnesiac the Scratcher (Felid Fighter)              Turns: 2657, Time: 00:04:22

Health: 0/24       AC:  1    Str: 11 (13) XL:     5   Next: 61%
Magic:  6/6        EV: 20    Int:  7 (9)  God:    Okawaru [*.....]
Gold:   263        SH:  0    Dex: 13 (16) Spells: 4/4 levels left
                                        Lives:  0   Deaths: 1

rFire    . . .     SeeInvis +     - Unarmed
rCold    . . .     Gourm    .   (shield unavailable)
rNeg     . . .     Faith    .   (armour unavailable)
rPois    .         Spirit   .   (helmet unavailable)
rElec    .         Reflect  .   (cloak unavailable)
rCorr    .         Harm     .   (gloves unavailable)
MR       .....                  (boots unavailable)
Stlth    ++........             (no amulet)
HPRegen  0.08/turn              (no ring)
MPRegen  0.10/turn              (no ring)

@: lethally poisoned (0 -> -2), quick
A: very small, no armour, no weapons or thrown items, stealth, claws 1, fangs 3,
see invisible, carnivore, speed 1, shaggy fur 1, slow metabolism 1, sharp paws
a: Heroism, Renounce Religion


You were on level 4 of the Dungeon.
You worshipped Okawaru.
Okawaru was aware of your devotion.
You were completely stuffed.

You visited 1 branch of the dungeon, and saw 4 of its levels.

You collected 263 gold pieces.

Inventory:

Jewellery
 d - an uncursed ring of teleportation
Wands
 f - a wand of paralysis (6)
 l - a wand of disintegration (23)
 m - a wand of polymorph (8)
Scrolls
 c - 2 scrolls of teleportation {!r, unknown}
 g - 2 scrolls of identify {!r}
 i - a scroll of blinking {!r}
 j - a scroll of random uselessness {!r, unknown}
 p - a scroll of remove curse {!r}
Potions
 a - 2 potions of might {!q}
 e - a potion of agility {!q}
 k - a potion of brilliance {!q}
 n - a potion of magic {!q}
Comestibles
 b - 9 rations
 o - 5 chunks of flesh


   Skills:
 - Level 3.0 Fighting
 + Level 6.0 Dodging
 * Level 6.4 Unarmed Combat


You had 4 spell levels left.
You didn't know any spells.
Your spell library was empty.

Dungeon Overview and Level Annotations

Branches:
Dungeon (4/15)
 Temple: D:4-7

Altars:
Dithmenos
Okawaru


Innate Abilities, Weirdness & Mutations

You cannot wear armour.
You are incapable of wielding weapons or throwing items.
Your paws allow you to move quietly. (Stealth)
You have sharp claws.
You have razor-sharp teeth.
You have supernaturally acute eyesight. (SInv)
You are carnivorous and can eat meat at any time.
You cover ground quickly.
You are covered in fur. (AC +1)
You have a slow metabolism.
Your sharp claws are effective at attacking unaware monsters.


Message History

You scratch the adder.
The adder is lightly wounded.
The adder misses you.
You miss the adder.
The adder is lightly wounded.
The adder bites you.
You are poisoned.
The adder poisons you!
You closely miss the adder. You bite the adder.
The adder is severely wounded.
You feel sick. The leopard gecko misses you. The adder misses you.
An eye of draining comes into view.
The eye of draining turns its gaze towards you.
You scratch the adder but do no damage. You bite the adder.
The adder is almost dead.
The leopard gecko misses you. The adder barely misses you.
You miss the adder.
The adder is almost dead.
You feel sick. The adder closely misses you. The leopard gecko bites you.
You claw the adder!
You kill the adder!
Okawaru accepts your kill. The leopard gecko misses you.
The kobold completely misses you.
An eye of draining comes into view.
The eye of draining turns its gaze towards you.
You scratch the leopard gecko but do no damage.
You feel sick. The leopard gecko bites you. The kobold barely misses you. x2
You claw the leopard gecko!
You kill the leopard gecko!
Okawaru accepts your kill. The kobold closely misses you.
The kobold hits you with a +0 antimagic hand axe!
* * * LOW HITPOINT WARNING * * *
You feel your power leaking away. The eye of draining gazes at you.
You feel your power leaking away.
You are too injured to fight recklessly!
You are too injured to fight recklessly!
You are too injured to fight recklessly!
You are too injured to fight recklessly!
You are too injured to fight recklessly!
* * * LOW HITPOINT WARNING * * *
You feel sick.
* * * LOW HITPOINT WARNING * * *
You feel sick.
* * * LOW HITPOINT WARNING * * *
You feel sick.
There is a lethal amount of poison in your body!
Really quaff
a - 2 potions of might {!q}? [Y]es or [N]o only, please.
Really quaff
a - 2 potions of might {!q}?
Okay, then.
Really quaff
n - 2 dark potions {!q}?
It was a potion of magic {!q}.
Magic courses through your body.
* * * LOW HITPOINT WARNING * * *
You feel sick.
Really quaff
h - a white potion {!q}?
It was a potion of degeneration {!q}.
There was something very wrong with that liquid.
You feel weakened.
You feel dopey.
You feel clumsy.
Okay, then.
Put on which piece of jewellery? (? for menu, Esc to quit)
Okay, then.
You die...

#.###.#.# ...........##
#.....#.# ...........#
#######'##
#######..#..)...# #......#
#....K.K.)......# #......#
#K######......%.# #......#
#.# ##.......# #......#
#.# ####.K#.##.. #......#
#.# #.......# #......# #@#
#.......# #......# #.#
#.....$.# #......# #.#
#.......# #......# #.#
######..# #......#
####'###### #...# #####.##
#.........##......(.. #.#
#.........##...>.....
#.####.........##.........
#....'.........####...##..


You could see a kobold.

Vanquished Creatures
  A scorpion (D:3)
  2 hounds (D:4)
  A worker ant (D:4)
  4 gnolls (D:2)
  3 adders
  3 worms
  A dart slug (D:2)
  3 leopard geckos
  2 orcs
  7 bats
  5 giant cockroaches
  3 goblins
  8 hobgoblins
  4 jackals (D:3)
  2 kobolds
  2 ball pythons
  7 frilled lizards
  7 rats
65 creatures vanquished.

Notes
Turn   | Place    | Note
-------+----------+-------------------------------------------
     0 | D:1      | Amnesiac the Felid Fighter began the quest for the Orb.
     0 | D:1      | Reached XP level 1. HP: 10/10 MP: 2/2
   132 | D:1      | Found an iron altar of Okawaru.
   140 | D:1      | Became a worshipper of Warmaster Okawaru
   190 | D:1      | Reached XP level 2. HP: 14/14 MP: 3/3
   853 | D:2      | Reached XP level 3. HP: 6/17 MP: 4/4
  1261 | D:2      | Reached skill level 5 in Unarmed Combat
  1324 | D:2      | Reached skill level 5 in Dodging
  1324 | D:2      | Reached XP level 4. HP: 16/21 MP: 5/5
  1408 | D:2      | Found a shadowy altar of Dithmenos.
  1921 | D:3      | HP: 1/21 [poisoned by a scorpion]
  1922 | D:3      | Succumbed to a scorpion's poison
  1923 | D:3      | Reached XP level 3. HP: 0/17 MP: 4/4
  2080 | D:3      | Killed a scorpion
  2080 | D:3      | Reached XP level 4. HP: 17/21 MP: 5/5
  2488 | D:4      | Reached XP level 5. HP: 24/24 MP: 6/6
  2514 | D:4      | Reached * piety under Okawaru
  2631 | D:4      | Noticed an eye of draining
  2634 | D:4      | Noticed an eye of draining
  2653 | D:4      | HP: 1/24 [poisoned by an adder]
  2657 | D:4      | Succumbed to an adder's poison

Levels and vault maps discovered:
D:1:      co_arrival_square_in_a_square_in_a_square, layout_basic,
          okawaru_ov_weapons_minmay
D:2:      layout_loops_corners, grunt_dithmenos_smoke_and_mirrors, serial_bayou,
          serial_bayou_lagoon_b, serial_bayou_pond_d, serial_bayou_lagoon_a,
          serial_bayou_shore_a, minmay_misc_feat_enclosed
D:3:      layout_basic, first_ration, chequers_serial_rivers_small_a,
          st_stairs_8
D:4:      layout_basic, trog_eyes_of_draining

Skill      XL: |  1  2  3  4  5 |
---------------+----------------+-----
Unarmed Combat | 5 6 |  6.4
Dodging        | 5 6 |  6.0
Fighting       | |  3.0

Action                   |  1- 3 |  4- 6 || total
-------------------------+-------+-------++-------
Melee: Unarmed           |    79 |    94 ||   173
       Bite              |    11 |    11 ||    22
       Punch             |       |     1 ||     1
  Use: Scroll            |     2 |     4 ||     6
       Potion            |       |     3 ||     3
 Stab: Sleeping          |     5 |     1 ||     6
  Eat: Chunk             |    10 |     6 ||    16
Armor: Skin              |     2 |     3 ||     5
Dodge: Dodged            |    71 |    99 ||   170

Table legend:
 A = Non-vault XP
 B = Vault XP
 C = Vault XP percentage of total XP
 D = Non-vault monster count
 E = Vault monster count
 F = Vault count percentage of total count
                 A         B        C        D         E       F
            +---------+---------+-------+---------+---------+-------
      Total |     392 |       0 |   0.0 |      65 |       0 |   0.0
            +---------+---------+-------+---------+---------+-------
        D:1 |      18 |       0 |   0.0 |      12 |       0 |   0.0
        D:2 |      99 |       0 |   0.0 |      21 |       0 |   0.0
        D:3 |     136 |       0 |   0.0 |      26 |       0 |   0.0
        D:4 |     139 |       0 |   0.0 |       6 |       0 |   0.0
            +---------+---------+-------+---------+---------+-------
